CAROLINA Hurricanes vs COLUMBUS Blue Jackets

Created - 22 avril 2024 at 11:08

Goals
1 2 3 T
CAROLINA Hurricanes 2 0 1 3
COLUMBUS Blue Jackets 1 0 0 1
Shots
1 2 3 T
CAROLINA Hurricanes 10 9 7 26
COLUMBUS Blue Jackets 8 7 7 22

1st period

1. COLUMBUS Blue Jackets , Kailer Yamamoto 26 (Martin Fehervary 38, Matt Benning 19) at 0:32
2. CAROLINA Hurricanes , Noah Cates 8 (Derek Ryan 11) at 5:33
3. CAROLINA Hurricanes , Blake Lizotte 10 (Adam Fox 85, Brandon Montour 30) at 17:17

Penalties :
No Penalty

2nd period

No Goal

Penalties :
Ondrej Palat (CLB) for Roughing (Minor) at 4:09, Martin Fehervary (CLB) for Fighting (Major) at 8:05, Travis Konecny (CAR) for Fighting (Major) at 8:05, Dmitry Orlov (CLB) for Tripping (Minor) at 8:16, Brady Tkachuk (CAR) for Delaying the game (Minor) at 15:31

3rd period

4. CAROLINA Hurricanes , Mika Zibanejad 44 (Elias Pettersson 46, Adam Fox 86) at 16:15

Penalties :
Adam Fox (CAR) for Roughing (Minor) at 0:44, Niko Mikkola (CAR) for Delaying the game (Minor) at 6:04, Kris Letang (CAR) for Slashing (Minor) at 9:20, Martin Fehervary (CLB) for Diving (Minor) at 10:03, Elias Pettersson (CAR) for Roughing (Minor) at 16:29

Goalie Stats

Alexandar Georgiev (CAR), 21 saves from 22 shots - (0,955), W, 49-28-5, 60:00 minutes
Thatcher Demko (CLB), 23 saves from 26 shots - (0,885), L, 35-32-5, 60:00 minutes

Players Stats for CAROLINA Hurricanes

Player Name              G  A  P  +/- PIM S  H  SB GA TA FO     MP     PP MP  PK MP  
------------------------------------------------------------------------------------
Adam Fox                 0  2  2   2  2   1  2  2  0  0  0/0    24:17   1:42   3:37 
Blake Lizotte            1  0  1   2  0   1  2  0  0  0  3/8     8:45   0:00   0:00 
Brady Tkachuk            0  0  0  -1  2   0  1  0  0  0  1/2    19:08   2:30   4:05 
Brandon Montour          0  1  1   2  0   2  2  0  0  0  0/0    22:05   1:42   0:40 
David Perron             0  0  0   0  0   3  1  0  0  0  0/0     9:47   1:02   0:29 
Derek Ryan               0  1  1   2  0   0  1  0  0  0  0/0    10:44   0:00   1:59 
Devon Toews              0  0  0   0  0   1  2  1  0  0  0/0    22:27   2:59   4:37 
Elias Pettersson         0  1  1   1  2   4  1  0  0  0  1/1    18:11   2:11   0:00 
Filip Forsberg           0  0  0   0  0   2  1  0  0  0  1/3    10:43   0:00   1:15 
Kris Letang              0  0  0   0  2   0  4  1  0  0  0/0    21:04   2:59   3:45 
Lars Eller               0  0  0   0  0   1  0  0  0  0  5/7    10:15   0:00   1:59 
Mika Zibanejad           1  0  1   1  0   4  1  1  0  0  22/40  24:04   2:11   5:00 
Nazem Kadri              0  0  0  -1  0   1  0  0  0  0  6/10   17:46   2:30   2:31 
Niko Mikkola             0  0  0   0  2   0  2  0  0  0  0/0    12:49   0:00   0:00 
Noah Cates               1  0  1   2  0   2  0  0  0  0  1/2     8:45   0:00   0:00 
Rasmus Ristolainen       0  0  0   0  0   1  2  0  0  0  0/0    17:15   0:00   4:39 
Travis Konecny           0  0  0   1  5   1  0  0  0  0  1/1    16:05   1:28   0:00 
William Nylander         0  0  0  -1  0   2  1  0  0  0  0/3    15:49   2:11   0:00 

Players Stats for COLUMBUS Blue Jackets

Player Name              G  A  P  +/- PIM S  H  SB GA TA FO     MP     PP MP  PK MP  
------------------------------------------------------------------------------------
Aidan Dudas              0  0  0   0  0   0  0  0  0  0  0/0     6:26   0:00   0:00 
Andre Burakovsky         0  0  0  -1  0   1  0  0  0  0  0/1    16:45   4:32   0:00 
Anthony Cirelli          0  0  0  -1  0   2  1  0  0  0  11/22  19:51   4:32   0:34 
Blake Coleman            0  0  0  -1  0   1  4  0  0  0  1/1    19:30   4:32   0:43 
Brendan Guhle            0  0  0   0  0   0  3  0  0  0  0/0    13:41   0:00   0:03 
Calvin de Haan           0  0  0   0  0   0  1  3  0  0  0/0    16:26   0:00   2:18 
Dmitry Orlov             0  0  0  -1  2   1  3  1  0  0  0/0    23:14   4:35   1:10 
Eric Staal               0  0  0  -1  0   0  0  0  0  0  7/14   11:27   0:00   0:00 
Evan Rodrigues           0  0  0  -1  0   4  0  0  0  0  7/12   21:32   4:07   3:10 
Jake Evans               0  0  0   0  0   1  0  0  0  0  9/18   15:15   0:00   0:43 
Jeffrey Truchon-Viel     0  0  0   0  0   1  0  0  0  0  0/0     6:26   0:00   0:00 
Kailer Yamamoto          1  0  1   0  0   2  2  0  0  0  1/1    18:11   4:07   0:48 
Martin Fehervary         0  1  1  -1  7   3  0  1  0  0  0/0    18:54   4:03   0:50 
Matt Benning             0  1  1  -1  0   0  3  0  0  0  0/0    22:42   4:04   2:06 
Max Pacioretty           0  0  0  -1  0   0  2  0  0  0  0/0    11:27   0:00   0:00 
Neal Pionk               0  0  0  -1  0   1  2  1  0  0  0/0    25:00   4:35   2:55 
Ondrej Palat             0  0  0   0  2   5  1  1  0  0  0/0    17:22   4:07   0:00 
Zemgus Girgensons        0  0  0   0  0   0  2  0  0  0  0/8     9:50   0:00   3:24 

3 Stars

1 - Blake Lizotte (CAR)
2 - Noah Cates (CAR)
3 - Adam Fox (CAR)

Power Play

CAROLINA Hurricanes - 0 on 3 Attempt(s) - 0,00%
COLUMBUS Blue Jackets - 0 on 5 Attempt(s) - 0,00%

Penalty Kill

CAROLINA Hurricanes - 5 on 5 Attempt(s) - 100,00% - Score 0 goal in Penalty Kill
COLUMBUS Blue Jackets - 3 on 3 Attempt(s) - 100,00% - Score 0 goal in Penalty Kill

Team Stat

CAROLINA Hurricanes - Hits : 23 - Faceoff Wins : 41 - Blocked Shots : 5 - Penalty Minutes : 15
COLUMBUS Blue Jackets - Hits : 24 - Faceoff Wins : 36 - Blocked Shots : 7 - Penalty Minutes : 11

Official

Referees : Brandon Schrader and Mitch Dunning
Linesman : Jean-Luc Grand-Pierre and Kyle Flemington

Game Notes

Martin Fehervary beats up Travis Konecny at 8:05 of 2nd period

Finance

Level 1 -- Attendance: 4813 (79,55%) -- Ticket Income $476,487
Level 2 -- Attendance: 3990 (79,01%) -- Ticket Income $235,410
Level 3 -- Attendance: 1733 (83,52%) -- Ticket Income $64,121
Level 4 -- Attendance: 4103 (100,00%) -- Ticket Income $61,545
Luxury Box -- Attendance: 697 (69,22%) -- Ticket Income $144,976
Game was played at the Nationwide Arena.
Total Attendance: 15336 (83,87%)
Total Ticket Income: $982,539
Other Income: $245,635
Total Income: $1,228,174

CAROLINA Hurricanes

5 vs 5 Forward 
   Center                   Left Wing                Right Wing               Time % Phy DF OF 
 1 Mika Zibanejad           Elias Pettersson         Travis Konecny           40     1   2  2  
 2 Nazem Kadri              Brady Tkachuk            William Nylander         30     1   2  2  
 3 Lars Eller               Filip Forsberg           David Perron             20     1   2  2  
 4 Blake Lizotte            Noah Cates               Derek Ryan               10     1   2  2  

5 vs 5 Defense 
   Defense                  Defense                                           Time % Phy DF OF 
 1 Adam Fox                 Brandon Montour                                   45     1   2  2  
 2 Kris Letang              Devon Toews                                       35     1   2  2  
 3 Rasmus Ristolainen       Niko Mikkola                                      20     1   2  2  
 4 Adam Fox                 Brandon Montour                                   0      1   2  2  

PowerPlay Forward 
   Center                   Left Wing                Right Wing               Time % Phy DF OF 
 1 Mika Zibanejad           Elias Pettersson         William Nylander         80     1   2  2  
 2 Nazem Kadri              Brady Tkachuk            Travis Konecny           20     1   2  2  

PowerPlay Defense
   Defense                  Defense                                           Time % Phy DF OF 
 1 Adam Fox                 Brandon Montour                                   60     1   2  2  
 2 Kris Letang              Devon Toews                                       40     1   2  2  

Penalty Kill 4 Players Forward 
   Center                   Wing                     Time % Phy DF OF 
 1 Mika Zibanejad           Brady Tkachuk            60     1   2  2  
 2 Lars Eller               Derek Ryan               40     1   2  2  

Penalty Kill 4 Players Defense
   Defense                  Defense                  Time % Phy DF OF 
 1 Adam Fox                 Devon Toews              60     1   2  2  
 2 Kris Letang              Rasmus Ristolainen       40     1   2  2  

Penalty Kill - 3 Players Forward 
   Forward                                           Time % Phy DF OF 
 1 Lars Eller                                        60     1   2  2  
 2 Mika Zibanejad                                    40     1   2  2  

Penalty Kill - 3 Players Defense
   Defense                  Defense                  Time % Phy DF OF 
 1 Adam Fox                 Devon Toews              60     1   2  2  
 2 Kris Letang              Rasmus Ristolainen       40     1   2  2  

4 vs 4 Forward 
   Center                   Wing                     Time % Phy DF OF 
 1 Mika Zibanejad           William Nylander         60     1   2  2  
 2 Elias Pettersson         Filip Forsberg           40     1   2  2  

4 vs 4 Defense
   Defense                  Defense                  Time % Phy DF OF 
 1 Adam Fox                 Brandon Montour          60     1   2  2  
 2 Kris Letang              Devon Toews              40     1   2  2  

Last Minutes Offensive
   Center                   Left Wing                Right Wing               Defense                  Defense                  
   Mika Zibanejad           Brady Tkachuk            William Nylander         Adam Fox                 Brandon Montour          

Last Minutes Defensive
   Center                   Left Wing                Right Wing               Defense                  Defense                  
   Mika Zibanejad           Brady Tkachuk            William Nylander         Adam Fox                 Brandon Montour          

Goaltenders
Starting : Alexandar Georgiev       
Backup : Alex Lyon                

Extra Forwards
Normal : Nazem Kadri, David Perron, Travis Konecny - PP : Nazem Kadri, David Perron - PK : Nazem Kadri
Extra Defensemen
Normal : Devon Toews, Rasmus Ristolainen, Niko Mikkola - PP : Devon Toews - PK : Devon Toews, Rasmus Ristolainen
Penalty Shots
Mika Zibanejad, Elias Pettersson, William Nylander, Brady Tkachuk, Nazem Kadri

Scratches
Ryan Reaves (Healthy)

COLUMBUS Blue Jackets

5 vs 5 Forward 
   Center                   Left Wing                Right Wing               Time % Phy DF OF 
 1 Anthony Cirelli          Evan Rodrigues           Blake Coleman            40     3   1  1  
 2 Jake Evans               Ondrej Palat             Kailer Yamamoto          30     3   1  1  
 3 Eric Staal               Max Pacioretty           Andre Burakovsky         20     3   1  1  
 4 Zemgus Girgensons        Aidan Dudas              Jeffrey Truchon-Viel     10     1   4  0  

5 vs 5 Defense 
   Defense                  Defense                                           Time % Phy DF OF 
 1 Dmitry Orlov             Neal Pionk                                        40     3   1  1  
 2 Matt Benning             Martin Fehervary                                  30     3   1  1  
 3 Brendan Guhle            Calvin de Haan                                    20     3   1  1  
 4 Dmitry Orlov             Neal Pionk                                        10     3   1  1  

PowerPlay Forward 
   Center                   Left Wing                Right Wing               Time % Phy DF OF 
 1 Anthony Cirelli          Andre Burakovsky         Blake Coleman            60     0   0  5  
 2 Evan Rodrigues           Ondrej Palat             Kailer Yamamoto          40     0   0  5  

PowerPlay Defense
   Defense                  Defense                                           Time % Phy DF OF 
 1 Dmitry Orlov             Neal Pionk                                        60     0   1  4  
 2 Matt Benning             Martin Fehervary                                  40     0   1  4  

Penalty Kill 4 Players Forward 
   Center                   Wing                     Time % Phy DF OF 
 1 Evan Rodrigues           Zemgus Girgensons        60     0   5  0  
 2 Jake Evans               Blake Coleman            40     0   5  0  

Penalty Kill 4 Players Defense
   Defense                  Defense                  Time % Phy DF OF 
 1 Dmitry Orlov             Matt Benning             60     0   5  0  
 2 Neal Pionk               Martin Fehervary         40     0   5  0  

Penalty Kill - 3 Players Forward 
   Forward                                           Time % Phy DF OF 
 1 Blake Coleman                                     60     0   5  0  
 2 Anthony Cirelli                                   40     0   5  0  

Penalty Kill - 3 Players Defense
   Defense                  Defense                  Time % Phy DF OF 
 1 Dmitry Orlov             Matt Benning             60     0   5  0  
 2 Neal Pionk               Martin Fehervary         40     0   5  0  

4 vs 4 Forward 
   Center                   Wing                     Time % Phy DF OF 
 1 Jake Evans               Andre Burakovsky         60     0   3  2  
 2 Eric Staal               Kailer Yamamoto          40     0   3  2  

4 vs 4 Defense
   Defense                  Defense                  Time % Phy DF OF 
 1 Dmitry Orlov             Matt Benning             60     0   4  1  
 2 Neal Pionk               Martin Fehervary         40     0   4  1  

Last Minutes Offensive
   Center                   Left Wing                Right Wing               Defense                  Defense                  
   Anthony Cirelli          Evan Rodrigues           Blake Coleman            Dmitry Orlov             Neal Pionk               

Last Minutes Defensive
   Center                   Left Wing                Right Wing               Defense                  Defense                  
   Anthony Cirelli          Evan Rodrigues           Blake Coleman            Dmitry Orlov             Neal Pionk               

Goaltenders
Starting : Thatcher Demko           
Backup : Mackenzie Blackwood      

Extra Forwards
Normal : Jake Evans, Anthony Cirelli, Zemgus Girgensons - PP : Blake Coleman, Jake Evans - PK : Kailer Yamamoto
Extra Defensemen
Normal : Calvin de Haan, Matt Benning, Neal Pionk - PP : Calvin de Haan - PK : Calvin de Haan, Neal Pionk
Penalty Shots
Evan Rodrigues, Anthony Cirelli, Blake Coleman, Kailer Yamamoto, Andre Burakovsky

Scratches
None


% Time on Ice - CAROLINA Hurricanes

Lines # - Real PCT - Wanted PCT - Time Play
Normal Forward
1 - 35% - 40% - 15:49
2 - 28% - 30% - 12:34
3 - 18% - 20% - 8:16
4 - 19% - 10% - 8:45
Normal Defense
1 - 42% - 45% - 18:57
2 - 32% - 35% - 14:21
3 - 27% - 20% - 12:06
4 - 0% - 0% - 0:00
PP Forward
1 - 47% - 80% - 2:11
2 - 53% - 20% - 2:30
PP Defense
1 - 36% - 60% - 1:42
2 - 64% - 40% - 2:59
PK Forward
1 - 77% - 60% - 6:40
2 - 23% - 40% - 1:59
PK Defense
1 - 57% - 60% - 4:56
2 - 43% - 40% - 3:43
PK3 Forward
1 - 0% - 60%
2 - 0% - 40%
PK3 Defense
1 - 0% - 60%
2 - 0% - 40%
44 Forward
1 - 84% - 60% - 1:04
2 - 16% - 40% - 0:12
44 Defense
1 - 61% - 60% - 0:46
2 - 39% - 40% - 0:30
Last Minute Offensive  - 0:00
Last Minute Defensive  - 0:00
Total
Forward - 60:00
Defense - 60:00

% Time on Ice - COLUMBUS Blue Jackets

Lines # - Real PCT - Wanted PCT - Time Play
Normal Forward
1 - 31% - 40% - 14:15
2 - 29% - 30% - 13:16
3 - 25% - 20% - 11:27
4 - 14% - 10% - 6:26
Normal Defense
1 - 34% - 40% - 15:22
2 - 35% - 30% - 15:54
3 - 28% - 20% - 12:38
4 - 3% - 10% - 1:30
PP Forward
1 - 52% - 60% - 4:32
2 - 48% - 40% - 4:07
PP Defense
1 - 53% - 60% - 4:35
2 - 47% - 40% - 4:04
PK Forward
1 - 85% - 60% - 3:58
2 - 15% - 40% - 0:43
PK Defense
1 - 45% - 60% - 2:06
2 - 55% - 40% - 2:35
PK3 Forward
1 - 0% - 60%
2 - 0% - 40%
PK3 Defense
1 - 0% - 60%
2 - 0% - 40%
44 Forward
1 - 100% - 60% - 1:16
2 - 0% - 40% - 0:00
44 Defense
1 - 50% - 60% - 0:38
2 - 50% - 40% - 0:38
Last Minute Offensive  - 0:00
Last Minute Defensive  - 0:00
Total
Forward - 60:00
Defense - 60:00

Play-by-Play

1st period


0:01 of 1st period - Mika Zibanejad wins face-off versus Anthony Cirelli in neutral zone.
0:11 of 1st period - Neal Pionk is hit by Brandon Montour and loses puck.
0:14 of 1st period - Shot by Evan Rodrigues.
0:14 of 1st period - Stopped by Alexandar Georgiev without a rebound.
0:15 of 1st period - Jake Evans wins face-off versus Brady Tkachuk in CAROLINA Hurricanes zone.
0:23 of 1st period - Kailer Yamamoto is hit by Devon Toews and loses puck.
0:32 of 1st period - Shot by Kailer Yamamoto.
0:32 of 1st period - Goal by Kailer Yamamoto - CAROLINA Hurricanes : 0 - COLUMBUS Blue Jackets : 1.
0:33 of 1st period - Lars Eller wins face-off versus Eric Staal in neutral zone.
1:02 of 1st period - Shot by Lars Eller.
1:02 of 1st period - Shot Misses the Net.
1:11 of 1st period - Icing by Max Pacioretty.
1:12 of 1st period - Eric Staal wins face-off versus Mika Zibanejad in COLUMBUS Blue Jackets zone.
1:53 of 1st period - Shot by Neal Pionk.
1:53 of 1st period - Stopped by Alexandar Georgiev with a rebound.
2:19 of 1st period - Icing by Devon Toews.
2:20 of 1st period - Jake Evans wins face-off versus William Nylander in CAROLINA Hurricanes zone.
2:20 of 1st period - Jake Evans is hit by Kris Letang.
3:02 of 1st period - Icing by William Nylander.
3:03 of 1st period - Nazem Kadri wins face-off versus Zemgus Girgensons in CAROLINA Hurricanes zone.
3:03 of 1st period - Nazem Kadri is hit by Zemgus Girgensons.
3:36 of 1st period - Icing by Zemgus Girgensons.
3:37 of 1st period - Mika Zibanejad wins face-off versus Zemgus Girgensons in COLUMBUS Blue Jackets zone.
4:11 of 1st period - Mika Zibanejad is hit by Neal Pionk and loses puck.
4:22 of 1st period - Icing by Travis Konecny.
4:23 of 1st period - Mika Zibanejad wins face-off versus Jake Evans in CAROLINA Hurricanes zone.
5:27 of 1st period - Icing by Dmitry Orlov.
5:28 of 1st period - Blake Coleman wins face-off versus Blake Lizotte in COLUMBUS Blue Jackets zone.
5:28 of 1st period - Evan Rodrigues is hit by Blake Lizotte and loses puck.
5:33 of 1st period - Shot by Noah Cates.
5:33 of 1st period - Goal by Noah Cates - CAROLINA Hurricanes : 1 - COLUMBUS Blue Jackets : 1.
5:34 of 1st period - Eric Staal wins face-off versus William Nylander in neutral zone.
5:48 of 1st period - Kris Letang is hit by Max Pacioretty.
5:52 of 1st period - Shot by William Nylander.
5:52 of 1st period - Stopped by Thatcher Demko without a rebound.
5:53 of 1st period - Anthony Cirelli wins face-off versus Mika Zibanejad in COLUMBUS Blue Jackets zone.
6:18 of 1st period - Shot by Travis Konecny.
6:18 of 1st period - Shot Misses the Net.
6:21 of 1st period - Icing by Martin Fehervary.
6:22 of 1st period - Anthony Cirelli wins face-off versus Blake Lizotte in COLUMBUS Blue Jackets zone.
6:33 of 1st period - Brandon Montour is hit by Blake Coleman and loses puck.
7:08 of 1st period - Icing by Matt Benning.
7:09 of 1st period - Nazem Kadri wins face-off versus Evan Rodrigues in COLUMBUS Blue Jackets zone.
8:00 of 1st period - Shot by Kailer Yamamoto.
8:00 of 1st period - Deflect By Ondrej Palat.
8:00 of 1st period - Stopped by Alexandar Georgiev without a rebound.
8:01 of 1st period - Eric Staal wins face-off versus Mika Zibanejad in CAROLINA Hurricanes zone.
8:12 of 1st period - Shot by Mika Zibanejad.
8:12 of 1st period - Shot Misses the Net.
8:14 of 1st period - Shot by Mika Zibanejad.
8:14 of 1st period - Stopped by Thatcher Demko without a rebound.
8:15 of 1st period - Filip Forsberg wins face-off versus Jake Evans in COLUMBUS Blue Jackets zone.
8:20 of 1st period - Shot by David Perron.
8:20 of 1st period - Stopped by Thatcher Demko with a rebound.
8:22 of 1st period - Shot by Rasmus Ristolainen.
8:22 of 1st period - Shot Hit the Post.
8:24 of 1st period - Shot by Lars Eller.
8:24 of 1st period - Shot Misses the Net.
8:26 of 1st period - Shot by Lars Eller.
8:26 of 1st period - Shot Blocked by Ondrej Palat.
8:28 of 1st period - Shot by Rasmus Ristolainen.
8:28 of 1st period - Stopped by Thatcher Demko without a rebound.
8:29 of 1st period - Eric Staal wins face-off versus Mika Zibanejad in COLUMBUS Blue Jackets zone.
10:05 of 1st period - Calvin de Haan is hit by David Perron and loses puck.
11:32 of 1st period - Shot by William Nylander.
11:32 of 1st period - Shot Misses the Net.
11:37 of 1st period - Blake Coleman is hit by William Nylander and loses puck.
11:41 of 1st period - Matt Benning is hit by Rasmus Ristolainen and loses puck.
11:47 of 1st period - Anthony Cirelli is hit by Rasmus Ristolainen and loses puck.
11:57 of 1st period - Icing by William Nylander.
11:58 of 1st period - Nazem Kadri wins face-off versus Zemgus Girgensons in CAROLINA Hurricanes zone.
13:06 of 1st period - Martin Fehervary is hit by Kris Letang and loses puck.
13:15 of 1st period - Shot by Travis Konecny.
13:15 of 1st period - Shot Misses the Net.
13:17 of 1st period - Shot by Elias Pettersson.
13:17 of 1st period - Stopped by Thatcher Demko without a rebound.
13:18 of 1st period - Anthony Cirelli wins face-off versus Filip Forsberg in COLUMBUS Blue Jackets zone.
13:18 of 1st period - Blake Coleman is hit by Filip Forsberg and loses puck.
13:38 of 1st period - Evan Rodrigues is hit by Devon Toews and loses puck.
14:02 of 1st period - Icing by Neal Pionk.
14:03 of 1st period - Mika Zibanejad wins face-off versus Anthony Cirelli in COLUMBUS Blue Jackets zone.
14:12 of 1st period - Shot by Travis Konecny.
14:12 of 1st period - Stopped by Thatcher Demko without a rebound.
14:13 of 1st period - Mika Zibanejad wins face-off versus Jake Evans in COLUMBUS Blue Jackets zone.
14:49 of 1st period - Shot by Kailer Yamamoto.
14:49 of 1st period - Shot Misses the Net.
14:51 of 1st period - Shot by Ondrej Palat.
14:51 of 1st period - Stopped by Alexandar Georgiev without a rebound.
14:52 of 1st period - Brady Tkachuk wins face-off versus Eric Staal in CAROLINA Hurricanes zone.
16:04 of 1st period - Shot by Lars Eller.
16:04 of 1st period - Stopped by Thatcher Demko without a rebound.
16:05 of 1st period - Anthony Cirelli wins face-off versus Mika Zibanejad in COLUMBUS Blue Jackets zone.
16:42 of 1st period - Shot by Blake Coleman.
16:42 of 1st period - Deflect By Evan Rodrigues.
16:42 of 1st period - Stopped by Alexandar Georgiev without a rebound.
16:43 of 1st period - Jake Evans wins face-off versus Blake Lizotte in CAROLINA Hurricanes zone.
17:14 of 1st period - Blake Lizotte is hit by Matt Benning and loses puck.
17:17 of 1st period - Shot by Blake Lizotte.
17:17 of 1st period - Goal by Blake Lizotte - CAROLINA Hurricanes : 2 - COLUMBUS Blue Jackets : 1.
17:18 of 1st period - Nazem Kadri wins face-off versus Zemgus Girgensons in neutral zone.
17:23 of 1st period - Shot by Nazem Kadri.
17:23 of 1st period - Shot Hit the Post.
17:25 of 1st period - Shot by William Nylander.
17:25 of 1st period - Shot Misses the Net.
18:14 of 1st period - Icing by Neal Pionk.
18:15 of 1st period - Mika Zibanejad wins face-off versus Zemgus Girgensons in COLUMBUS Blue Jackets zone.
19:06 of 1st period - Shot by Anthony Cirelli.
19:06 of 1st period - Stopped by Alexandar Georgiev without a rebound.
19:07 of 1st period - Lars Eller wins face-off versus Jake Evans in CAROLINA Hurricanes zone.
19:26 of 1st period - Shot by Ondrej Palat.
19:26 of 1st period - Stopped by Alexandar Georgiev without a rebound.
19:27 of 1st period - Nazem Kadri wins face-off versus Eric Staal in CAROLINA Hurricanes zone.
19:47 of 1st period - Shot by William Nylander.
19:47 of 1st period - Shot Blocked by Neal Pionk.
19:49 of 1st period - Shot by Nazem Kadri.
19:49 of 1st period - Stopped by Thatcher Demko with a rebound.
19:51 of 1st period - Shot by William Nylander.
19:51 of 1st period - Shot Misses the Net.
Goals for this period are 2 for CAROLINA Hurricanes vs 1 for COLUMBUS Blue Jackets.
Shots for this period are 10 for CAROLINA Hurricanes vs 8 for COLUMBUS Blue Jackets.

2nd period


0:01 of 2nd period - Mika Zibanejad wins face-off versus Anthony Cirelli in neutral zone.
0:01 of 2nd period - Adam Fox is hit by Anthony Cirelli and loses puck.
1:02 of 2nd period - Shot by Nazem Kadri.
1:02 of 2nd period - Shot Misses the Net.
1:13 of 2nd period - William Nylander is hit by Neal Pionk and loses puck.
1:20 of 2nd period - Shot by Brady Tkachuk.
1:20 of 2nd period - Shot Misses the Net.
1:39 of 2nd period - Nazem Kadri is hit by Dmitry Orlov.
3:20 of 2nd period - Shot by Noah Cates.
3:20 of 2nd period - Stopped by Thatcher Demko without a rebound.
3:21 of 2nd period - Mika Zibanejad wins face-off versus Zemgus Girgensons in COLUMBUS Blue Jackets zone.
3:21 of 2nd period - Travis Konecny is hit by Brendan Guhle and loses puck.
3:59 of 2nd period - Elias Pettersson is hit by Brendan Guhle and loses puck.
4:02 of 2nd period - Shot by Elias Pettersson.
4:02 of 2nd period - Shot Misses the Net.
4:04 of 2nd period - Shot by Mika Zibanejad.
4:04 of 2nd period - Stopped by Thatcher Demko without a rebound.
4:05 of 2nd period - Jake Evans wins face-off versus William Nylander in COLUMBUS Blue Jackets zone.
4:09 of 2nd period - Minor Penalty to Ondrej Palat for Roughing.
4:10 of 2nd period - Kailer Yamamoto wins face-off versus Nazem Kadri in COLUMBUS Blue Jackets zone.
4:50 of 2nd period - Shot by Adam Fox.
4:50 of 2nd period - Shot Blocked by Calvin de Haan.
5:12 of 2nd period - Shot by Devon Toews.
5:12 of 2nd period - Shot Misses the Net.
5:14 of 2nd period - Shot by Elias Pettersson.
5:14 of 2nd period - Stopped by Thatcher Demko without a rebound.
5:15 of 2nd period - Mika Zibanejad wins face-off versus Evan Rodrigues in COLUMBUS Blue Jackets zone.
5:30 of 2nd period - Shot by Elias Pettersson.
5:30 of 2nd period - Shot Misses the Net.
7:00 of 2nd period - Icing by Calvin de Haan.
7:01 of 2nd period - Eric Staal wins face-off versus Blake Lizotte in COLUMBUS Blue Jackets zone.
7:18 of 2nd period - Shot by Noah Cates.
7:18 of 2nd period - Shot Misses the Net.
7:32 of 2nd period - Shot by Jake Evans.
7:32 of 2nd period - Deflect By Ondrej Palat.
7:32 of 2nd period - Stopped by Alexandar Georgiev with a rebound.
8:05 of 2nd period - Martin Fehervary beats up Travis Konecny.
8:05 of 2nd period - Penalty to Martin Fehervary for Fighting.
8:05 of 2nd period - Penalty to Travis Konecny for Fighting.
8:06 of 2nd period - Mika Zibanejad wins face-off versus Anthony Cirelli in COLUMBUS Blue Jackets zone.
8:16 of 2nd period - Minor Penalty to Dmitry Orlov for Tripping.
8:17 of 2nd period - Evan Rodrigues wins face-off versus Mika Zibanejad in COLUMBUS Blue Jackets zone.
8:46 of 2nd period - Shot by Adam Fox.
8:46 of 2nd period - Shot Misses the Net.
8:48 of 2nd period - Shot by Brandon Montour.
8:48 of 2nd period - Stopped by Thatcher Demko without a rebound.
8:49 of 2nd period - Evan Rodrigues wins face-off versus Nazem Kadri in COLUMBUS Blue Jackets zone.
9:01 of 2nd period - Off-side.
9:02 of 2nd period - Evan Rodrigues wins face-off versus Mika Zibanejad in neutral zone.
9:19 of 2nd period - Shot by Mika Zibanejad.
9:19 of 2nd period - Stopped by Thatcher Demko with a rebound.
9:21 of 2nd period - Shot by Adam Fox.
9:21 of 2nd period - Stopped by Thatcher Demko without a rebound.
9:22 of 2nd period - Evan Rodrigues wins face-off versus Nazem Kadri in COLUMBUS Blue Jackets zone.
9:30 of 2nd period - Brady Tkachuk is hit by Calvin de Haan and loses puck.
9:51 of 2nd period - Shot by Devon Toews.
9:51 of 2nd period - Shot Blocked by Calvin de Haan.
9:56 of 2nd period - Shot by David Perron.
9:56 of 2nd period - Stopped by Thatcher Demko with a rebound.
9:58 of 2nd period - Shot by Kris Letang.
9:58 of 2nd period - Shot Misses the Net.
10:00 of 2nd period - Shot by David Perron.
10:00 of 2nd period - Shot Misses the Net.
10:22 of 2nd period - Noah Cates is hit by Max Pacioretty and loses puck.
10:30 of 2nd period - Off-side.
10:31 of 2nd period - Jake Evans wins face-off versus Mika Zibanejad in neutral zone.
10:50 of 2nd period - Shot by Kailer Yamamoto.
10:50 of 2nd period - Shot Blocked by Adam Fox.
11:07 of 2nd period - Shot by Elias Pettersson.
11:07 of 2nd period - Shot Misses the Net.
11:18 of 2nd period - Icing by Adam Fox.
11:19 of 2nd period - Mika Zibanejad wins face-off versus Eric Staal in CAROLINA Hurricanes zone.
11:43 of 2nd period - Icing by Neal Pionk.
11:44 of 2nd period - Blake Lizotte wins face-off versus Eric Staal in COLUMBUS Blue Jackets zone.
11:47 of 2nd period - Shot by Derek Ryan.
11:47 of 2nd period - Shot Misses the Net.
12:22 of 2nd period - Kris Letang is hit by Matt Benning and loses puck.
12:59 of 2nd period - Shot by William Nylander.
12:59 of 2nd period - Shot Misses the Net.
13:28 of 2nd period - Ondrej Palat is hit by Niko Mikkola and loses puck.
13:39 of 2nd period - Shot by Ondrej Palat.
13:39 of 2nd period - Deflect By Kailer Yamamoto.
13:39 of 2nd period - Stopped by Alexandar Georgiev without a rebound.
13:40 of 2nd period - Mika Zibanejad wins face-off versus Zemgus Girgensons in CAROLINA Hurricanes zone.
13:40 of 2nd period - Mika Zibanejad is hit by Zemgus Girgensons.
13:53 of 2nd period - Shot by Elias Pettersson.
13:53 of 2nd period - Stopped by Thatcher Demko without a rebound.
13:54 of 2nd period - Lars Eller wins face-off versus Eric Staal in COLUMBUS Blue Jackets zone.
13:54 of 2nd period - Lars Eller is hit by Matt Benning.
14:10 of 2nd period - Shot by Andre Burakovsky.
14:10 of 2nd period - Shot Misses the Net.
14:12 of 2nd period - Shot by Matt Benning.
14:12 of 2nd period - Shot Misses the Net.
14:14 of 2nd period - Shot by Martin Fehervary.
14:14 of 2nd period - Stopped by Alexandar Georgiev without a rebound.
14:15 of 2nd period - Anthony Cirelli wins face-off versus Mika Zibanejad in CAROLINA Hurricanes zone.
14:15 of 2nd period - Anthony Cirelli is hit by Adam Fox.
14:22 of 2nd period - Evan Rodrigues is hit by Adam Fox and loses puck.
14:26 of 2nd period - Icing by Brandon Montour.
14:27 of 2nd period - Travis Konecny wins face-off versus Jake Evans in CAROLINA Hurricanes zone.
15:31 of 2nd period - Minor Penalty to Brady Tkachuk for Delaying the game.
15:32 of 2nd period - Mika Zibanejad wins face-off versus Anthony Cirelli in CAROLINA Hurricanes zone.
15:45 of 2nd period - Shot by Anthony Cirelli.
15:45 of 2nd period - Stopped by Alexandar Georgiev without a rebound.
15:46 of 2nd period - Anthony Cirelli wins face-off versus Mika Zibanejad in CAROLINA Hurricanes zone.
15:47 of 2nd period - Shot by Martin Fehervary.
15:47 of 2nd period - Stopped by Alexandar Georgiev without a rebound.
15:48 of 2nd period - Mika Zibanejad wins face-off versus Anthony Cirelli in CAROLINA Hurricanes zone.
16:58 of 2nd period - Icing by Dmitry Orlov.
16:59 of 2nd period - Evan Rodrigues wins face-off versus Filip Forsberg in COLUMBUS Blue Jackets zone.
17:06 of 2nd period - Shot by Evan Rodrigues.
17:06 of 2nd period - Stopped by Alexandar Georgiev without a rebound.
17:07 of 2nd period - Mika Zibanejad wins face-off versus Evan Rodrigues in CAROLINA Hurricanes zone.
17:45 of 2nd period - Off-side.
17:46 of 2nd period - Eric Staal wins face-off versus Noah Cates in neutral zone.
18:12 of 2nd period - Andre Burakovsky is hit by Kris Letang and loses puck.
18:21 of 2nd period - Eric Staal is hit by Derek Ryan and loses puck.
19:12 of 2nd period - Shot by Blake Coleman.
19:12 of 2nd period - Stopped by Alexandar Georgiev without a rebound.
19:13 of 2nd period - Jake Evans wins face-off versus Mika Zibanejad in CAROLINA Hurricanes zone.
19:29 of 2nd period - Shot by Elias Pettersson.
19:29 of 2nd period - Shot Misses the Net.
19:31 of 2nd period - Shot by Travis Konecny.
19:31 of 2nd period - Shot Blocked by Calvin de Haan.
19:33 of 2nd period - Shot by Elias Pettersson.
19:33 of 2nd period - Stopped by Thatcher Demko with a rebound.
19:53 of 2nd period - Kailer Yamamoto is hit by Mika Zibanejad and loses puck.
Goals for this period are 0 for CAROLINA Hurricanes vs 0 for COLUMBUS Blue Jackets.
Shots for this period are 9 for CAROLINA Hurricanes vs 7 for COLUMBUS Blue Jackets.

3rd period


0:01 of 3rd period - Mika Zibanejad wins face-off versus Anthony Cirelli in neutral zone.
0:43 of 3rd period - Blake Coleman is hit by Brandon Montour and loses puck.
0:44 of 3rd period - Minor Penalty to Adam Fox for Roughing.
0:45 of 3rd period - Evan Rodrigues wins face-off versus Mika Zibanejad in CAROLINA Hurricanes zone.
0:48 of 3rd period - Shot by Kailer Yamamoto.
0:48 of 3rd period - Shot Misses the Net.
0:56 of 3rd period - Evan Rodrigues is hit by Brady Tkachuk and loses puck.
1:32 of 3rd period - Off-side.
1:33 of 3rd period - Anthony Cirelli wins face-off versus Mika Zibanejad in neutral zone.
1:59 of 3rd period - Icing by Dmitry Orlov.
2:00 of 3rd period - Anthony Cirelli wins face-off versus Mika Zibanejad in COLUMBUS Blue Jackets zone.
3:01 of 3rd period - Shot by Jeffrey Truchon-Viel.
3:01 of 3rd period - Stopped by Alexandar Georgiev without a rebound.
3:02 of 3rd period - Blake Lizotte wins face-off versus Jake Evans in CAROLINA Hurricanes zone.
3:23 of 3rd period - Shot by Devon Toews.
3:23 of 3rd period - Stopped by Thatcher Demko with a rebound.
3:31 of 3rd period - Shot by Blake Lizotte.
3:31 of 3rd period - Shot Misses the Net.
3:33 of 3rd period - Shot by Blake Lizotte.
3:33 of 3rd period - Shot Misses the Net.
3:35 of 3rd period - Shot by Kris Letang.
3:35 of 3rd period - Shot Misses the Net.
4:05 of 3rd period - Shot by William Nylander.
4:05 of 3rd period - Shot Blocked by Martin Fehervary.
4:59 of 3rd period - Anthony Cirelli is hit by Niko Mikkola and loses puck.
5:36 of 3rd period - Shot by Andre Burakovsky.
5:36 of 3rd period - Shot Blocked by Mika Zibanejad.
6:04 of 3rd period - Minor Penalty to Niko Mikkola for Delaying the game.
6:05 of 3rd period - Anthony Cirelli wins face-off versus Lars Eller in CAROLINA Hurricanes zone.
6:49 of 3rd period - Shot by Ondrej Palat.
6:49 of 3rd period - Shot Blocked by Adam Fox.
6:51 of 3rd period - Shot by Martin Fehervary.
6:51 of 3rd period - Shot Misses the Net.
7:05 of 3rd period - Shot by Evan Rodrigues.
7:05 of 3rd period - Shot Blocked by Kris Letang.
7:11 of 3rd period - Shot by Martin Fehervary.
7:11 of 3rd period - Stopped by Alexandar Georgiev without a rebound.
7:12 of 3rd period - Anthony Cirelli wins face-off versus Lars Eller in CAROLINA Hurricanes zone.
7:25 of 3rd period - Mika Zibanejad is hit by Blake Coleman.
8:29 of 3rd period - Shot by Zemgus Girgensons.
8:29 of 3rd period - Shot Misses the Net.
9:04 of 3rd period - Shot by Max Pacioretty.
9:04 of 3rd period - Shot Misses the Net.
9:11 of 3rd period - Andre Burakovsky is hit by Kris Letang.
9:20 of 3rd period - Minor Penalty to Kris Letang for Slashing.
9:21 of 3rd period - Evan Rodrigues wins face-off versus Mika Zibanejad in CAROLINA Hurricanes zone.
9:46 of 3rd period - Shot by Ondrej Palat.
9:46 of 3rd period - Stopped by Alexandar Georgiev without a rebound.
9:47 of 3rd period - Lars Eller wins face-off versus Anthony Cirelli in CAROLINA Hurricanes zone.
10:03 of 3rd period - Minor Penalty to Martin Fehervary for Diving.
10:04 of 3rd period - Mika Zibanejad wins face-off versus Andre Burakovsky in COLUMBUS Blue Jackets zone.
10:29 of 3rd period - Shot by Brandon Montour.
10:29 of 3rd period - Stopped by Thatcher Demko without a rebound.
10:30 of 3rd period - Jake Evans wins face-off versus Mika Zibanejad in COLUMBUS Blue Jackets zone.
10:45 of 3rd period - Shot by Jake Evans.
10:45 of 3rd period - Stopped by Alexandar Georgiev with a rebound.
10:59 of 3rd period - Shot by William Nylander.
10:59 of 3rd period - Stopped by Thatcher Demko without a rebound.
11:00 of 3rd period - Elias Pettersson wins face-off versus Jake Evans in COLUMBUS Blue Jackets zone.
11:11 of 3rd period - Shot by Filip Forsberg.
11:11 of 3rd period - Stopped by Thatcher Demko without a rebound.
11:12 of 3rd period - Mika Zibanejad wins face-off versus Jake Evans in COLUMBUS Blue Jackets zone.
11:52 of 3rd period - Kris Letang is hit by Dmitry Orlov and loses puck.
11:55 of 3rd period - Shot by Kris Letang.
11:55 of 3rd period - Shot Blocked by Dmitry Orlov.
12:35 of 3rd period - Shot by Filip Forsberg.
12:35 of 3rd period - Shot Misses the Net.
12:37 of 3rd period - Shot by Filip Forsberg.
12:37 of 3rd period - Shot Misses the Net.
12:39 of 3rd period - Shot by David Perron.
12:39 of 3rd period - Shot Misses the Net.
12:43 of 3rd period - Shot by David Perron.
12:43 of 3rd period - Stopped by Thatcher Demko without a rebound.
12:44 of 3rd period - Jake Evans wins face-off versus Blake Lizotte in COLUMBUS Blue Jackets zone.
12:44 of 3rd period - Jake Evans is hit by Blake Lizotte.
12:49 of 3rd period - Off-side.
12:50 of 3rd period - Mika Zibanejad wins face-off versus Anthony Cirelli in neutral zone.
13:23 of 3rd period - Shot by Evan Rodrigues.
13:23 of 3rd period - Stopped by Alexandar Georgiev without a rebound.
13:24 of 3rd period - Nazem Kadri wins face-off versus Jake Evans in CAROLINA Hurricanes zone.
13:30 of 3rd period - William Nylander is hit by Ondrej Palat and loses puck.
13:58 of 3rd period - Brady Tkachuk is hit by Brendan Guhle and loses puck.
14:10 of 3rd period - Icing by Jake Evans.
14:11 of 3rd period - Jake Evans wins face-off versus Mika Zibanejad in COLUMBUS Blue Jackets zone.
15:13 of 3rd period - Shot by Niko Mikkola.
15:13 of 3rd period - Shot Misses the Net.
15:15 of 3rd period - Shot by Filip Forsberg.
15:15 of 3rd period - Stopped by Thatcher Demko without a rebound.
15:16 of 3rd period - Eric Staal wins face-off versus Nazem Kadri in COLUMBUS Blue Jackets zone.
15:34 of 3rd period - Shot by Martin Fehervary.
15:34 of 3rd period - Deflect By Andre Burakovsky.
15:34 of 3rd period - Stopped by Alexandar Georgiev with a rebound.
16:00 of 3rd period - Shot by William Nylander.
16:00 of 3rd period - Shot Misses the Net.
16:07 of 3rd period - Icing by Matt Benning.
16:08 of 3rd period - Mika Zibanejad wins face-off versus Eric Staal in COLUMBUS Blue Jackets zone.
16:15 of 3rd period - Shot by Elias Pettersson.
16:15 of 3rd period - Deflect By Mika Zibanejad.
16:15 of 3rd period - Goal by Mika Zibanejad - CAROLINA Hurricanes : 3 - COLUMBUS Blue Jackets : 1.
16:16 of 3rd period - Mika Zibanejad wins face-off versus Anthony Cirelli in neutral zone.
16:19 of 3rd period - Dmitry Orlov is hit by Elias Pettersson and loses puck.
16:29 of 3rd period - Minor Penalty to Elias Pettersson for Roughing.
16:30 of 3rd period - Mika Zibanejad wins face-off versus Evan Rodrigues in CAROLINA Hurricanes zone.
16:30 of 3rd period - Mika Zibanejad is hit by Kailer Yamamoto.
16:42 of 3rd period - Rasmus Ristolainen is hit by Kailer Yamamoto and loses puck.
17:09 of 3rd period - Shot by Kailer Yamamoto.
17:09 of 3rd period - Shot Blocked by Devon Toews.
17:11 of 3rd period - Shot by Dmitry Orlov.
17:11 of 3rd period - Shot Misses the Net.
17:13 of 3rd period - Shot by Dmitry Orlov.
17:13 of 3rd period - Stopped by Alexandar Georgiev without a rebound.
17:14 of 3rd period - Anthony Cirelli wins face-off versus Mika Zibanejad in CAROLINA Hurricanes zone.
18:11 of 3rd period - Icing by Kailer Yamamoto.
18:12 of 3rd period - Lars Eller wins face-off versus Evan Rodrigues in COLUMBUS Blue Jackets zone.
18:12 of 3rd period - Lars Eller is hit by Dmitry Orlov.
19:02 of 3rd period - Icing by Calvin de Haan.
19:03 of 3rd period - Blake Lizotte wins face-off versus Zemgus Girgensons in COLUMBUS Blue Jackets zone.
19:31 of 3rd period - Icing by Kris Letang.
19:32 of 3rd period - Noah Cates wins face-off versus Anthony Cirelli in CAROLINA Hurricanes zone.
19:32 of 3rd period - Noah Cates is hit by Blake Coleman.
19:42 of 3rd period - Blake Lizotte is hit by Blake Coleman and loses puck.
Goals for this period are 1 for CAROLINA Hurricanes vs 0 for COLUMBUS Blue Jackets.
Shots for this period are 7 for CAROLINA Hurricanes vs 7 for COLUMBUS Blue Jackets. Output by the SimonT Hockey Simulator (STHS) for Martin Benoit - Original Page W3C HTML5 Valid
Hockey Simulator - Hockey Simulation - Hockey Manager